 Dungeon Crawl Stone Soup version 0.28-a0-828-g0121872642 (webtiles) character file.

Game seed: 10692321813672242550

7 croobank the Caller (level 1, 0/7 HPs)
             Began as a Felid Summoner on Nov 10, 2021.
             Slain by a bat (1 damage)
             ... on level 1 of the Dungeon.
             The game lasted 00:03:17 (604 turns).

croobank the Caller (Felid Summoner)                 Turns: 604, Time: 00:03:18

Health: 0/7        AC:  1    Str:  4    XL:     1   Next: 91%
Magic:  2/4        EV: 17    Int: 16    God:
Gold:   55         SH:  0    Dex: 16    Spells: 3/4 levels left
                                        Lives:  0   Deaths: 0

rFire   . . .      SeeInvis +   (weapon unavailable)
rCold   . . .      Faith    .   (shield unavailable)
rNeg    . . .      Spirit   .   (armour unavailable)
rPois   .          Reflect  .   (helmet unavailable)
rElec   .          Harm     .   (cloak unavailable)
rCorr   .          Rampage  .   (gloves unavailable)
Will    .....                   (boots unavailable)
Stlth   ++........              (no amulet)
HPRegen 0.02/turn               (no ring)
MPRegen 0.09/turn               (no ring)

@: attractive, quick
A: very small, claws 1, fangs 3, see invisible, speed 1, shaggy fur 1, stealthy
paws, no weapons or thrown items, no armour, multi-lived
a: no special abilities


You were on level 1 of the Dungeon.
You visited 1 branch of the dungeon, and saw 1 of its levels.

You collected 55 gold pieces.

You aren't carrying anything.


   Skills:
 + Level 2.7 Dodging
 + Level 2.7 Stealth
 + Level 2.0 Spellcasting
 + Level 4.4 Summonings


You had 3 spell levels left.
You knew the following spells:

 Your Spells              Type           Power      Damage    Failure   Level
a - Summon Small Mammal   Summ           60%        N/A       3%          1

Your spell library contained the following spells:

 Spells                   Type           Power      Damage    Failure   Level
 Call Imp                 Summ           15%        N/A       4%          2
 Call Canine Familiar     Summ           15%        N/A       10%         3
 Summon Guardian Golem    Hex/Summ       8%         N/A       26%         3
 Summon Lightning Spire   Summ/Air       8%         N/A       63%         4


Dungeon Overview and Level Annotations

Branches:
Dungeon (1/15)

Altars:


Innate Abilities, Weirdness & Mutations

You have sharp claws.
You have razor-sharp teeth.
You have supernaturally acute eyesight. (SInv)
You cover ground quickly. (Speed+)
You are covered in fur. (AC +1)
Your paws help you pounce on unaware monsters.
You are incapable of wielding weapons or throwing items.
You cannot wear armour.
You gain extra lives every three experience levels.


Message History

The quokka bites you.
Ouch! That really hurt!
* * * LOW HITPOINT WARNING * * *
You swap places.
Your bat completely misses the quokka.
The bat closely misses your bat.
Your bat misses the bat. The quokka bites your bat.
Your bat dies!
Your bat's corpse disappears in a puff of smoke!
Casting: Summon Small Mammal (safe; 3% risk of failure)
Confirm with . or Enter, or press ? or * to list all spells.
The bat hits your rat. The bat closely misses your rat.
The bat barely misses your rat. The quokka misses your rat.
The bat closely misses your rat.
The bat hits your rat but does no damage.
The bat barely misses your rat. The quokka closely misses your rat.
Your rat closely misses the bat.
The bat closely misses your rat.
The bat hits your rat but does no damage.
The bat closely misses your rat. The quokka barely misses your rat.
Your rat barely misses the bat.
The bat hits your rat but does no damage.
The bat barely misses your rat. The bat hits your rat.
Your rat dies!
Your rat's corpse disappears in a puff of smoke!
The bat closely misses you. The bat hits you.
* * * LOW HITPOINT WARNING * * *
The quokka misses you. The bat hits you but does no damage.
Casting: Summon Small Mammal (safe; 3% risk of failure)
Confirm with . or Enter, or press ? or * to list all spells.
You swap places.
Your rat barely misses the quokka.
The quokka barely misses your rat. Something hits your rat.
Something closely misses your rat.
Your rat bites the bat.
The quokka bites your rat.
Your rat dies!
Your rat's corpse disappears in a puff of smoke!
It was a potion of attraction.
You feel attractive to monsters. The bat hits you.
You die...

#............###....#ยง.##
##.####.###.## ##.#.#..#
#.# #......# #...#..#**
##.###..###.#* ##B#.#...,,
#.......# *#.###.##.##.##*
#..####.# *#...###.#*.#
#..# #.# #..####.##.# #..#
#.#####..........*
#..#**#..@b.r.......#..###
#......#######.######.....
##...,,,,,,,,#.# #.#...
###**,*****,#.#****#.....
*,* *,,,...,,,*#.#.## *,*
*,,,...,,,**..,*, *,*
*,,,,...,,...***,
*,***,,,,,,,,...,*,,,
*,,,,,,,,,,,,..***,**


You could see a quokka and a bat.

Vanquished Creatures
  A kobold (D:1)
1 creature vanquished.

Vanquished Creatures (collateral kills)
  A dart slug (D:1)
  3 bats (D:1)
  A ball python (D:1)
5 creatures vanquished.

Grand Total: 6 creatures vanquished

Notes
Turn   | Place    | Note
-------+----------+-------------------------------------------
     0 | D:1      | croobank the Felid Summoner began the quest for the Orb.
     0 | D:1      | Reached XP level 1. HP: 7/7 MP: 4/4
   604 | D:1      | Slain by a bat

Illustrated notes

Levels and vault maps discovered:
D:1:      nagdon_arrival_double_spiral, layout_loops_ring, minmay_quantized

Action                   || total
-------------------------++-------
Melee: Unarmed           ||     5
 Cast: Summon Small Mamm ||    16
  Use: Scroll            ||     3
       Potion            ||     1
Armor: Skin              ||     1
Dodge: Dodged            ||    12

Table legend: (Time is in decaauts)
 A = Elapsed time spent in this place.
 B = Non-inter-level travel time spent in this place.
 C = Inter-level travel time spent in this place.
 D = Time resting spent in this place.
 E = Time spent auto-exploring this place.
 F = Levels seen in this place.
 G = Mean time per level.
                   A        B        C        D        E       F      G
               +--------+--------+--------+--------+--------+-----+--------+
         Total |    546 |    546 |      0 |     27 |    369 |   1 |  546.0 |
       Dungeon |    546 |    546 |      0 |     27 |    369 |   1 |  546.0 |
               +--------+--------+--------+--------+--------+-----+--------+

Top non-repeatable levels by time:
     D:1: 546 daAuts
